 Dungeon Crawl Stone Soup version 0.28.0-43-g3370ac3207 (webtiles) character file.

Game seed: 16786139766015012075

231 experimilk the Vandal (level 5, -1/25 HPs)
             Began as a Spriggan Arcane Marksman on Mar 12, 2022.
             Slain by a killer bee (8 damage)
             ... on level 4 of the Dungeon.
             The game lasted 00:19:06 (6072 turns).

experimilk the Vandal (Spriggan Arcane Marksman)    Turns: 6072, Time: 00:19:07

Health: -1/25      AC:  2    Str:  8    XL:     5   Next: 73%
Magic:  8/8        EV: 18    Int: 14    God:
Gold:   123        SH:  0    Dex: 16    Spells: 2/6 levels left

rFire   . . .      SeeInvis +   k - +2 hunting sling (flame)
rCold   . . .      Faith    .   (no shield)
rNeg    . . .      Spirit   .   d - +0 robe
rPois   .          Reflect  .   (helmet restricted)
rElec   .          Harm     .   (no cloak)
rCorr   .          Rampage  .   (gloves unavailable)
Will    .....                   (boots unavailable)
Stlth   +.........              (no amulet)
HPRegen 0.08/turn               (no ring)
MPRegen 0.11/turn               (no ring)

@: lethally poisoned (-1 -> -7), very quick
A: very small, no large weapons, unfitting armour, see invisible, speed 3
a: no special abilities


You were on level 4 of the Dungeon.
You visited 1 branch of the dungeon, and saw 4 of its levels.

You collected 123 gold pieces.

Inventory:

Hand Weapons
 b - a +0 dagger of venom
 k - a +2 hunting sling of flaming (weapon)
Missiles
 c - 38 sling bullets (quivered ammo)
 f - 67 stones
Armour
 d - a +0 robe (worn)
Jewellery
 e - a ring of ice
Scrolls
 g - a scroll of amnesia
 h - a scroll of summoning
 j - a scroll of fog
 l - a scroll of vulnerability {unknown}
 m - a scroll of fear {unknown}
 o - a scroll of magic mapping {unknown}
Potions
 a - a potion of curing
 i - a potion of ambrosia {unknown}
 n - 2 potions of mutation {unknown}


   Skills:
 - Level 0.7 Fighting
 - Level 1.2 Short Blades
 * Level 6.7 Slings
 + Level 3.2 Dodging
 - Level 1.3 Spellcasting
 + Level 4.0 Hexes


You had 2 spell levels left.
You knew the following spells:

 Your Spells              Type           Power      Damage    Failure   Level
a - Slow                  Hex            48%        N/A       4%          1
b - Portal Projectile     Hex/Tloc       12%        N/A       32%         3

Your spell library contained the following spells:

 Spells                   Type           Power      Damage    Failure   Level
 Foxfire                  Conj/Fire      0%         2x1d4     26%         1
 Shock                    Conj/Air       0%         1d3       26%         1
 Inner Flame              Hex/Fire       6%         N/A       32%         3
 Cause Fear               Hex            6%         N/A       43%         4
 Conjure Flame            Conj/Fire      0%         6-21      58%         3
 Gell's Gravitas          Tloc           0%         N/A       58%         3
 Swiftness                Air            0%         N/A       58%         3
 Teleport Other           Tloc           0%         N/A       58%         3
 Airstrike                Air            0%         N/A       94%         4
 Flame Wave               Conj/Fire      0%         2d4       94%         4
 Dispersal                Tloc           0%         N/A       100%        6


Dungeon Overview and Level Annotations

Branches:
Dungeon (4/15)
 Temple: D:4-7

Altars:
Elyvilon

Shops:
D:2 *


Innate Abilities, Weirdness & Mutations

You are very small and have problems with some larger weapons.
You are too small for most types of armour.
You have supernaturally acute eyesight. (SInv)
You cover ground extremely quickly. (Speed+++)


Message History

Aim: a killer bee (severely wounded, 40% to hit)
You shoot a stone. The stone hits the killer bee.
The stone burns the killer bee.
You kill the killer bee!
Your Dodging skill increases to level 3!
Your Hexes skill increases to level 4!
f - 69 stones (gained 3)
You see here a killer bee corpse.
You start waiting.
Done waiting.
There is a stone staircase leading down here.
You climb downwards.
The killer bee completely misses you. The killer bee stings you. x2
There is a stone staircase leading up, spattered with blood here.
Fire: 69 stones
Press: ? - help, Q - select action, (/) - cycle Shift-Dir - straight line, f - killer bee
Aim: a killer bee (40% to hit)
You shoot a stone. The stone misses the killer bee.
The killer bee completely misses you.
Fire: 68 stones
Press: ? - help, Q - select action, (/) - cycle Shift-Dir - straight line, f/p - killer bee
Aim: a killer bee (40% to hit)
You shoot a stone.
The stone closely misses the killer bee.
The killer bee stings you. x2
You are poisoned.
The killer bee poisons you!
Fire: 40 sling bullets
Press: ? - help, Q - select action, (/) - cycle Shift-Dir - straight line, f/p - killer bee
Aim: a killer bee (40% to hit)
You shoot a sling bullet. The sling bullet misses the killer bee.
You feel sick. The killer bee misses you. x2
Fire: 39 sling bullets
Press: ? - help, Q - select action, (/) - cycle Shift-Dir - straight line, f/p - killer bee
Aim: a killer bee (40% to hit)
You shoot a sling bullet.
The sling bullet closely misses the killer bee.
* * * LOW HITPOINT WARNING * * *
You feel sick. The killer bee stings you!
You die...

#.#...
#(#####
#.# #.#
#.# #(#
#.# #y#
#@# ###


You could see a killer bee.

Vanquished Creatures
  A killer bee (D:3)
  An orc priest (D:3)
  Jessica (D:2)
  2 orc wizards (D:3)
  2 adders
  A dart slug (D:2)
  9 orcs (D:3)
  7 bats
  2 endoplasms (D:2)
  A giant cockroach (D:1)
  10 goblins
  5 hobgoblins
  2 kobolds (D:1)
  2 quokkas
  4 ball pythons
  3 rats
53 creatures vanquished.

Vanquished Creatures (others)
  A quokka (D:1)
1 creature vanquished.

Grand Total: 54 creatures vanquished

Notes
Turn   | Place    | Note
-------+----------+-------------------------------------------
     0 | D:1      | experimilk the Spriggan Arcane Marksman began the quest for
                  | the Orb.
     0 | D:1      | Reached XP level 1. HP: 9/9 MP: 3/3
   157 | D:1      | Reached skill level 3 in Slings
   474 | D:1      | Reached XP level 2. HP: 14/14 MP: 3/5
   590 | D:1      | Found a faded altar of an unknown god.
  1464 | D:2      | Reached skill level 1 in Short Blades
  1737 | D:2      | Found Milatu Aliu's Assorted Antiques.
  1893 | D:2      | Reached XP level 3. HP: 17/17 MP: 3/6
  2043 | D:2      | Reached skill level 4 in Slings
  2349 | D:2      | Noticed Jessica
  3982 | D:3      | Found a faded altar of an unknown god.
  3985 | D:3      | Found a white marble altar of Elyvilon.
  4283 | D:3      | Learned a level 3 spell: Portal Projectile
  4463 | D:3      | Reached skill level 5 in Slings
  4463 | D:3      | Reached XP level 4. HP: 19/21 MP: 7/7
  5168 | D:3      | Reached skill level 6 in Slings
  5173 | D:3      | Reached XP level 5. HP: 25/25 MP: 6/8
  5546 | D:2      | Killed Jessica
  6072 | D:4      | Slain by a killer bee

Illustrated notes

Levels and vault maps discovered:
D:1:      ncdulo_halloftheorcs, layout_loops_ring,
          hellmonk_ecumenical_altar_crossroads, serial_park_tiny_pond,
          roderic_three_in_a_row, fountainhead, lemuel_old_faithful
D:2:      layout_basic, serial_forest, infiniplex_forest_straight_3,
          infiniplex_forest_lined_2, infiniplex_forest_lined_room_2,
          infiniplex_forest_clump_tiny, infiniplex_forest_lined_3_way,
          infiniplex_forest_join, infiniplex_forest_straight_4, serial_shops,
          nicolae_shop_crystal, uniq_jessica
D:3:      layout_loops_corners, nicolae_overflow_ecumenical_swirl,
          minmay_misc_feat_enclosed, minmay_goblin_kobold_house
D:4:      layout_basic, kennysheep_mini, grunt_ministairs_2,
          chequers_mini_garden

Skill      XL: |  1  2  3  4  5 |
---------------+----------------+-----
Slings         | 3 5 6 |  6.7
Short Blades   | 1 |  1.2
Dodging        | 3 |  3.2
Hexes          | 4 |  4.0
Fighting       | |  0.7
Spellcasting   | |  1.3

Action                   |  1- 3 |  4- 6 || total
-------------------------+-------+-------++-------
 Fire: Hunting sling     |   104 |    79 ||   183
 Cast: Slow              |    24 |    11 ||    35
       Portal Projectile |       |     1 ||     1
  Use: Scroll            |     6 |       ||     6
Armor: Robe              |     4 |     1 ||     5
Dodge: Dodged            |    18 |    18 ||    36
